 Dungeon Crawl Stone Soup version 0.31-a0-988-g08d55dae12 (webtiles) character file.

Game seed: 16074406344064190029

175 BinkBink the Shooter (level 5, -2/25 HPs)
             Began as a Spriggan Hunter on Nov 5, 2023.
             Slain by Grinder (6 damage)
             ... while paralysed by Grinder
             ... on level 3 of the Dungeon.
             The game lasted 00:02:04 (1746 turns).

BinkBink the Shooter (Spriggan Hunter)              Turns: 1746, Time: 00:02:05

Health: -2/25      AC:  2    Str:  7    XL:     5   Next: 29%
Magic:  6/6        EV:  4    Int: 10    God:
Gold:   45         SH:  0    Dex: 21    Spells: 4/4 levels left

rFire   . . .        a - +0 shortbow
rCold   . . .        (shield currently unavailable)
rNeg    . . .        c - +0 robe
rPois   .            (helmet restricted)
rElec   .            (no cloak)
rCorr   .            (gloves unavailable)
SInv    +            (boots unavailable)
Will    .....        f - amulet of faith
Stlth   ++           (no ring)
HPRegen 0.24/turn    (no ring)
MPRegen 0.10/turn

%: faith
@: paralysed, very quick
A: very small, no large weapons, unfitting armour, see invisible, speed 3
a: no special abilities


You were on level 3 of the Dungeon.
You visited 1 branch of the dungeon, and saw 3 of its levels.

You collected 45 gold pieces.

Inventory:

Hand Weapons
 a - a +0 shortbow (weapon)
Armour
 c - a +0 robe (worn)
Jewellery
 f - an amulet of faith (around neck)
Wands
 h - a wand of paralysis (4)
Scrolls
 b - 2 scrolls of butterflies
 d - a scroll of enchant weapon {unknown}
 e - a scroll of immolation {unknown}
 i - a scroll of teleportation {unknown}
 j - a scroll of vulnerability {unknown}
Potions
 g - a potion of ambrosia {unknown}
 k - a potion of attraction {unknown}


   Skills:
 - Level 1.5 Fighting
 * Level 6.6 Ranged Weapons
 - Level 2.6 Dodging
 - Level 1.5 Stealth


You had 4 spell levels left.
You didn't know any spells.
Your spell library was empty.

Dungeon Overview and Level Annotations

Branches:
Dungeon (3/15)

Altars:
Cheibriados

Annotations:
D:3 Grinder


Innate Abilities, Weirdness & Mutations

You are very small and have problems with some larger weapons.
You are too small for most types of armour.
You have supernaturally acute eyesight. (SInv)
You cover ground extremely quickly. (Speed+++)


Message History

You shoot an arrow. The arrow hits Grinder!
Grinder is almost dead.
Grinder hits you.
You shoot an arrow. The arrow closely misses Grinder.
Grinder hits you!
You writhe in agony.
* * * LOW HITPOINT WARNING * * *
You are too injured to fight recklessly!
Fire: a) +0 shortbow
Press: ? - help, Q - select action, (/) - cycle Shift-Dir - straight line, f/p - Grinder
Aim: Grinder (almost dead, 62% to hit)
You shoot an arrow. The arrow hits Grinder.
Grinder is almost dead.
Grinder gestures at you. You resist with some effort.
You see here a +0 giant club.
There is a stone staircase leading up here.
You climb upwards.
There is a stone staircase leading down here.
HP restored.
Done exploring.
You climb downwards.
Level annotation: Grinder Grinder blinks!
Grinder says, "DUCK!"
Grinder barely misses you.
There is a stone staircase leading up here.
You shoot an arrow. The arrow hits Grinder!
Grinder is almost dead.
Grinder gestures at you.
You suddenly lose the ability to move!
Grinder gestures at you. Pain shoots through your body! Grinder hits you!
* * * LOW HITPOINT WARNING * * *
You writhe in agony.
* * * LOW HITPOINT WARNING * * *
Grinder says, "DUCK!"
Grinder hits you.
You die...
Grinder says, "Now the real fun starts!"

#.# #.#
#.####.#
#......#
#..#####
#..# #..#
#..#
######.@#
...[...5#
.######.#
#.#
#####.#
#.....#
#5#####
#.# #5#


You could see Grinder.

Vanquished Creatures
  An ogre (D:3)
  3 adders (D:2)
  3 worms
  3 dart slugs
  An orc (D:3)
  6 ball pythons
  3 endoplasms (D:1)
  6 goblins
  A hobgoblin (D:1)
  7 jackals
  A quokka (D:1)
  6 bats (D:1)
  A frilled lizard (D:1)
  4 rats
46 creatures vanquished.

Notes
Turn   | Place    | Note
-------+----------+-------------------------------------------
     0 | D:1      | BinkBink the Spriggan Hunter began the quest for the Orb.
     0 | D:1      | Reached XP level 1. HP: 10/10 MP: 2/2
   122 | D:1      | Reached XP level 2. HP: 14/14 MP: 3/3
   353 | D:1      | Reached skill level 5 in Ranged Weapons
   370 | D:1      | Reached XP level 3. HP: 18/18 MP: 4/4
  1224 | D:2      | Reached XP level 4. HP: 9/22 MP: 5/5
  1565 | D:3      | Noticed an ogre
  1582 | D:3      | Killed an ogre
  1583 | D:3      | Reached skill level 6 in Ranged Weapons
  1583 | D:3      | Reached XP level 5. HP: 25/25 MP: 6/6
  1619 | D:3      | Found a snail-covered altar of Cheibriados.
  1626 | D:3      | Noticed Grinder
  1743 | D:3      | Paralysed by Grinder for 5 turns
  1746 | D:3      | Slain by Grinder

Illustrated notes

Levels and vault maps discovered:
D:1:      grunt_arrival_lava_bath, layout_loops_ring,
          minmay_misc_feat_diagonals, minmay_misc_feat_ornament
D:2:      layout_basic, hex_intersection, serial_bayou_pond_d, minivault_24,
          chequers_arboretum
D:3:      layout_loops_ring, good_gods_mini_temple, overflow_temple_1_default,
          slow_altar_1, small_statue_intersection, uniq_crazy_yiuf_cottage,
          uniq_grinder

Skill      XL: |  1  2  3  4 |
---------------+-------------+-----
Ranged Weapons | 5 6 |  6.6
Fighting       | |  1.5
Dodging        | |  2.6
Stealth        | |  1.5

Action                     |  1- 3 |  4- 6 || total
---------------------------+-------+-------++-------
   Fire: Shortbow          |   112 |    41 ||   153
 Armour: Robe              |    12 |     5 ||    17
  Dodge: Dodged            |    30 |     3 ||    33

Table legend: (Time is in decaauts)
 A = Elapsed time spent in this place.
 B = Non-inter-level travel time spent in this place.
 C = Inter-level travel time spent in this place.
 D = Time resting spent in this place.
 E = Time spent auto-exploring this place.
 F = Levels seen in this place.
 G = Mean time per level.
                   A        B        C        D        E       F      G
               +--------+--------+--------+--------+--------+-----+--------+
         Total |   1212 |   1174 |     38 |      8 |    918 |   3 |  404.0 |
       Dungeon |   1212 |   1174 |     38 |      8 |    918 |   3 |  404.0 |
               +--------+--------+--------+--------+--------+-----+--------+

Top non-repeatable levels by time:
     D:2: 642 daAuts
     D:1: 474 daAuts
     D:3: 96 daAuts
